 Dungeon Crawl Stone Soup version 0.30.1-11-g7821555f0a (webtiles) character file.

Game seed: 2122684678642349860

46 fireball365 the Trooper (level 3, 0/33 HPs)
             Began as a Hill Orc Fighter on Dec 14, 2023.
             Slain by a gnoll
             ... wielding a +0 club
              (1 damage)
             ... on level 2 of the Dungeon.
             The game lasted 00:01:41 (873 turns).

fireball365 the Trooper (Hill Orc Fighter)           Turns: 873, Time: 00:01:42

Health: 0/33       AC:  7    Str: 20    XL:     3   Next: 66%
Magic:  3/3        EV:  9    Int:  8    God:
Gold:   55         SH:  4    Dex: 10    Spells: 2/2 levels left

rFire   . . .        a - +0 war axe
rCold   . . .        c - +0 buckler
rNeg    . . .        b - +0 scale mail
rPois   .            (no helmet)
rElec   .            (no cloak)
rCorr   .            (no gloves)
SInv    .            (no boots)
Will    .....        (no amulet) Stlth
                     (no ring)
HPRegen 0.25/turn    (no ring)
MPRegen 0.08/turn

%: no passive effects
@: no status effects
A: no striking features
a: no special abilities


You were on level 2 of the Dungeon.
You visited 1 branch of the dungeon, and saw 2 of its levels.

You collected 55 gold pieces.

Inventory:

Hand Weapons
 a - a +0 war axe (weapon)
Armour
 b - a +0 scale mail (worn)
 c - a +0 buckler (worn)
Jewellery
 i - a +5 ring of evasion
Scrolls
 e - a scroll of magic mapping {unknown}
 g - a scroll of immolation {unknown}
 h - 2 scrolls of identify {unknown}
 j - a scroll of noise {unknown}
 k - a scroll of vulnerability {unknown}
Potions
 d - a potion of might


   Skills:
 + Level 4.3 Fighting
 + Level 3.6 Axes
 + Level 3.8 Armour
 + Level 3.5 Shields


You had 2 spell levels left.
You didn't know any spells.
Your spell library contained the following spells:

 Spells                   Type           Power      Damage    Failure   Level
 Cigotuvi's Dreadful Rot  Necr/Pois/Air  0%         N/A       92%         2
 Dispel Undead            Necr           0%         3d6       100%        4
 Death Channel            Necr           0%         N/A       100%        6


Dungeon Overview and Level Annotations

Branches:
Dungeon (2/15)

Altars:


Message History

You hit the bat.
You kill the bat!
The rat twitches its whiskers.
The rat bites you but does no damage. The gnoll hits you but does no damage.
The rat barely misses you.
The gnoll hits you from afar with a +0 halberd.
You barely miss the rat.
The rat is severely wounded.
You block the gnoll's attack. The rat barely misses you.
You slash the rat!
You kill the rat!
The gnoll hits you from afar with a +0 halberd!
You closely miss the gnoll. The gnoll barely misses you.
You slash the gnoll!
The gnoll is heavily wounded.
You closely miss the gnoll. The gnoll hits you with a +0 club.
* * * LOW HITPOINT WARNING * * *
The gnoll hits you with a +0 flail!
* * * LOW HITPOINT WARNING * * *
You block the gnoll's attack. The gnoll hits you with a +0 club.
* * * LOW HITPOINT WARNING * * *
You block the gnoll's attack. The gnoll completely misses you.
It was a potion of curing.
You feel better. You block the gnoll's attack. The gnoll closely misses you.
The gnoll hits you with a +0 flail.
* * * LOW HITPOINT WARNING * * *
You barely miss the gnoll.
The gnoll is heavily wounded.
You barely miss the gnoll. The gnoll hits you with a +0 club.
* * * LOW HITPOINT WARNING * * *
The gnoll hits you but does no damage. The gnoll hits you with a +0 flail.
* * * LOW HITPOINT WARNING * * *
You closely miss the gnoll. You slash the gnoll!
You kill the gnoll!
The gnoll barely misses you. You block the gnoll's attack.
You hit the gnoll but do no damage. The gnoll closely misses you.
The gnoll barely misses you.
The gnoll hits you from afar with a +0 halberd.
* * * LOW HITPOINT WARNING * * *
The gnoll hits you with a +0 club.
You die...

.####....# . '.......
######. #......#
#...... #...... #......
..... #...... g..
#...... ##)###
#####...... #g@..#
#.....#####
#....####.###.#####
####.......#.#...#....
.......................
..#########..........[.
##.........##
#.......### #.......#
#..#'####


You could see 2 gnolls.

Vanquished Creatures
  2 gnolls (D:2)
  2 dart slugs (D:1)
  A ball python (D:1)
  4 endoplasms
  2 giant cockroaches (D:1)
  A goblin (D:1)
  2 kobolds
  A quokka (D:1)
  3 bats
  3 rats
21 creatures vanquished.

Notes
Turn   | Place    | Note
-------+----------+-------------------------------------------
     0 | D:1      | fireball365 the Hill Orc Fighter began the quest for the
                  | Orb.
     0 | D:1      | Reached XP level 1. HP: 19/19 MP: 1/1
   207 | D:1      | Reached XP level 2. HP: 27/27 MP: 2/2
   858 | D:2      | Reached skill level 4 in Fighting
   858 | D:2      | Reached XP level 3. HP: 19/33 MP: 3/3
   869 | D:2      | HP: 1/33 [gnoll/+0 club (1)]
   873 | D:2      | Slain by a gnoll

Illustrated notes

Levels and vault maps discovered:
D:1:      giann_bridges, layout_loops_ring, minmay_misc_feat_hallway
D:2:      layout_basic, ebering_ecumenical_altar_mist

Skill      XL: |  1  2 |
---------------+-------+-----
Axes           | 3 |  3.6
Fighting       | 4 |  4.3
Armour         | |  3.8
Shields        | |  3.5

Action                     || total
---------------------------++-------
  Melee: War axe           ||    58
    Use: Potion            ||     1
 Armour: Scale mail        ||    29
  Dodge: Dodged            ||    51
  Block: Buckler           ||    23
